 Dungeon Crawl Stone Soup version 0.28-a0-1555-g9ae15a6949 (webtiles) character file.

Game seed: 16283152797522474544

1341 wakim the Cudgeller (level 8, -2/68 HPs)
             Began as a Palentonga Fighter on Jan 18, 2022.
             Slain by a gnoll (11 damage)
             ... on level 5 of the Dungeon.
             The game lasted 00:16:39 (6359 turns).

wakim the Cudgeller (Palentonga Fighter)            Turns: 6359, Time: 00:16:40

Health: -2/68      AC: 15    Str: 22    XL:     8   Next: 35%
Magic:  8/8        EV:  5    Int:  9    God:
Gold:   190        SH:  8    Dex: 17    Spells: 7/7 levels left

rFire   . . .      SeeInvis +   b - +3 flail (freeze)
rCold   . . .      Faith    .   U - +3 buckler of Light {Str+2}
rNeg    . . .      Spirit   .   P - +0 chain mail
rPois   .          Reflect  .   (no helmet)
rElec   .          Harm     .   (no cloak)
rCorr   .          Rampage  .   (no gloves)
Will    .....                   (no barding)
Stlth   ..........              (no amulet)
HPRegen 0.21/turn               R - +6 ring of dexterity
MPRegen 0.11/turn               (no ring)

@: curled up
A: large, rugged brown scales 3, see invisible, deformed body, roll 1, armoured
tail, reflexive curl
a: Rolling Charge


You were on level 5 of the Dungeon.
You visited 1 branch of the dungeon, and saw 5 of its levels.

You collected 190 gold pieces.

Inventory:

Hand Weapons
 a - the +9 war axe "Giantbane" {vorpal, rN+ Will+ Int+3}
   (You found it on level 5 of the Dungeon)

   It inflicts extra damage upon your enemies.
   Int:       It affects your intelligence (+3).
   rN:        It protects you from negative energy.
   Will:      It increases your willpower.
 b - a +3 flail of freezing (weapon)
Missiles
 Q - a curare-tipped dart {=f}
 W - 6 poisoned darts
Armour
 P - a +0 chain mail (worn)
 U - the +3 buckler of Light (worn) {Str+2}
   (You found it on level 3 of the Dungeon)

   Str:       It affects your strength (+2).
Jewellery
 R - a +6 ring of dexterity (left hand)
Wands
 w - a wand of acid (4)
 z - a wand of polymorph (9)
Scrolls
 M - 2 scrolls of brand weapon
 T - 3 scrolls of teleportation
 X - 2 scrolls of fog
Potions
 C - 2 potions of berserk rage {!q}
 N - 3 potions of might
 V - a potion of brilliance {unknown}
 Y - 2 potions of magic {unknown}
 Z - 2 potions of mutation {unknown}


   Skills:
 + Level 5.8 Fighting
 * Level 2.4(5.1) Axes
 - Level 7.0(7.2) Maces & Flails
 + Level 4.8 Armour
 - Level 2.4 Shields


You had 7 spell levels left.
You didn't know any spells.
Your spell library contained the following spells:

 Spells                   Type           Power      Damage    Failure   Level
 Summon Small Mammal      Summ           0%         N/A       99%         1
 Corpse Rot               Necr/Air       0%         N/A       99%         2
 Poisonous Vapours        Pois/Air       0%         N/A       99%         2
 Call Canine Familiar     Summ           0%         N/A       100%        3
 Ignite Poison            Fire/Tmut/Pois 0%         N/A       100%        3
 Mephitic Cloud           Conj/Pois/Air  0%         N/A       100%        3
 Summon Guardian Golem    Hex/Summ       0%         N/A       100%        3
 Freezing Cloud           Conj/Ice/Air   0%         6-21      100%        5


Dungeon Overview and Level Annotations

Branches:
Dungeon (5/15)
 Temple: D:4-7

Altars:
Dithmenos

Annotations:
D:5 3 runed translucent doors, Verendum's ghost, amateur OpFi


Innate Abilities, Weirdness & Mutations

You are completely covered in rugged brown scales. (AC +3, +7% HP)
You have supernaturally acute eyesight. (SInv)
Armour fits poorly on your strangely shaped body.
You can roll at nearby foes to attack.
You have a long armoured tail.
You curl defensively after being hit. (AC +7*)


Message History

You block the gnoll's attack.
The gnoll hits you from afar with a +0 halberd!
You are too injured to fight recklessly!
You hit the gnoll. You freeze the gnoll.
The gnoll is heavily wounded.
The gnoll hits you but does no damage.
The gnoll hits you from afar with a +0 halberd.
* * * LOW HITPOINT WARNING * * *
The gnoll hits you with a +0 club.
The gnoll hits you from afar with a +0 halberd!
* * * LOW HITPOINT WARNING * * *
The gnoll hits you with a +0 club.
* * * LOW HITPOINT WARNING * * *
Roll where?
Press: ? - help, Dir - move target, f/p - gnoll
Aim: a gnoll, wielding a +0 club (moderately wounded)
You roll forward with a clatter of scales!
You completely miss the gnoll. You tail-slap the gnoll.
The gnoll is severely wounded.
The gnoll hits you with a +0 club.
* * * LOW HITPOINT WARNING * * *
The gnoll hits you but does no damage.
You closely miss the gnoll.
The gnoll is severely wounded.
The gnoll hits you but does no damage.
The gnoll hits you from afar with a +0 halberd.
* * * LOW HITPOINT WARNING * * *
You sock the gnoll! You freeze the gnoll.
You kill the gnoll!
You block the gnoll's attack.
Roll where?
Press: ? - help, Dir - move target, f - gnoll
Aim: a gnoll, wielding a +0 halberd You roll forward with a clatter of scales!
You barely miss the gnoll. The gnoll hits you with a +0 halberd!
* * * LOW HITPOINT WARNING * * *
You completely miss the gnoll. The gnoll hits you with a +0 halberd!
* * * LOW HITPOINT WARNING * * *
The gnoll hits you from afar with a +0 halberd!
You die...

........# #...........# #
........# #..........># #
........# ###.........# #
##......# #.######### #
############### #[###########
#####.........#######.##.........
......................##.........
...##.........##########.........
................@)g..............
....#...........#................
....#...........#.###############
#+#.............#[###.#..........
#.#.###########.#.....#.#########
#.#...............###.#.#..#
#.#.###########.#....[#.#..#
#.#.# #..>#.#######.#..# ..#.#
#.#.#.#######.#..#


You could see a gnoll.

Vanquished Creatures
  A yak (D:4)
  Menkaure (D:5)
  An ice beast (D:5)
  A necrophage (D:5)
  An ogre (D:3)
  A kobold brigand (D:4)
  A water moccasin skeleton (D:4)
  4 wights
  A hound (D:5)
  A gnoll shaman (D:5)
  3 orc priests (D:4)
  A bullfrog skeleton (D:5)
  An iguana (D:5)
  4 orc wizards
  A hound skeleton (D:5)
  A howler monkey zombie (D:5)
  6 gnolls (D:5)
  6 adders
  An adder skeleton (D:4)
  2 worms
  2 dart slugs
  10 orcs
  9 endoplasms
  4 giant cockroaches
  5 goblins
  6 hobgoblins
  11 jackals
  4 kobolds
  7 ball pythons
  8 bats
  5 frilled lizards
  8 rats
118 creatures vanquished.

Vanquished Creatures (others)
  4 plants (D:5)
4 creatures vanquished.

Grand Total: 122 creatures vanquished

Notes
Turn   | Place    | Note
-------+----------+-------------------------------------------
     0 | D:1      | wakim the Palentonga Fighter began the quest for the Orb.
     0 | D:1      | Reached XP level 1. HP: 19/19 MP: 1/1
   315 | D:1      | Reached XP level 2. HP: 25/25 MP: 2/2
  1126 | D:1      | Found a faded altar of an unknown god.
  1133 | D:1      | Reached XP level 3. HP: 27/31 MP: 3/3
  1150 | D:1      | Reached skill level 3 in Maces & Flails
  2338 | D:3      | Reached XP level 4. HP: 37/37 MP: 4/4
  2383 | D:3      | !bestwep
  2408 | D:3      | Reached XP level 5. HP: 35/44 MP: 5/5
  2416 | D:3      | Reached skill level 4 in Maces & Flails
  2737 | D:3      | !bestwep
  2983 | D:3      | Identified the +3 buckler of Light {Str+2}
  3377 | D:4      | !bestwep
  3380 | D:4      | Noticed an ogre
  3416 | D:3      | Killed an ogre
  3814 | D:4      | Reached XP level 6. HP: 23/51 MP: 6/6
  3819 | D:4      | !bestwep
  3980 | D:4      | Found a shadowy altar of Dithmenos.
  4043 | D:4      | !bestwep
  4129 | D:4      | Reached skill level 5 in Maces & Flails
  4214 | D:4      | Noticed a yak
  4225 | D:4      | Killed a yak
  4226 | D:4      | Gained mutation: You curl defensively after being hit. (AC
                  | +7*) [Palentonga growth]
  4226 | D:4      | Reached XP level 7. HP: 22/58 MP: 7/7
  4857 | D:4      | Reached skill level 6 in Maces & Flails
  5196 | D:5      | Entered Level 5 of the Dungeon
  5200 | D:5      | Reached skill level 5 in Fighting
  5317 | D:5      | Noticed Menkaure
  5320 | D:5      | Killed Menkaure
  5516 | D:5      | Reached XP level 8. HP: 44/66 MP: 8/8
  5516 | D:5      | !bestwep
  5634 | D:4      | Reached skill level 7 in Maces & Flails
  5795 | D:4      | !bestwep
  5837 | D:5      | Identified the +9 war axe "Giantbane" {vorpal, rN+ Will+
                  | Int+3}
  5839 | D:5      | !bestwep
  5846 | D:5      | !bestwep
  5966 | D:5      | Reached skill level 1 in Axes
  6043 | D:5      | Found a runed translucent gate.
  6043 | D:5      | Found a runed translucent gate.
  6043 | D:5      | Found a runed translucent gate.
  6044 | D:5      | Noticed Verendum's ghost (amateur OpFi)
  6219 | D:5      | !bestwep
  6359 | D:5      | Slain by a gnoll

Illustrated notes .#.################# .S.......@)........# .#.####.#######.##.# (... ..##.##.# ......# #.##.##.# #.###..)# #.##.##.# # #######.##.##.# #......##.# #......##.# #......##.# Turn 2383 on D:3: !bestwep #.########..## #...... ....# #.....####...# # #....†.......# ##.##..K.)####...# ........>## #...# ## #.##...######...# #. #...............######. #.##..@#####........... # #.............###### .........###....# #####............. ############### Turn 2737 on D:3: !bestwep ..^ $# .. .#.# .. ...# . .## #..##### . .. #.. ... #.#. #.#...# .#.#.#.##.#.#.### .......@......... ...#.#.##.#.#.## #.. #........# #....###...##.# #......<......# #...####...##.# . #..## # #.... #.#### Turn 3377 on D:4: !bestwep .(. #.#.###.#.##.#.#.. ....# #.#.#........#.### ....#.#.#.#.....####.... ......#.#.#.....# #.### ......#.#.#.....##### ........#.#.........# ....S...#.##........#### ......#)#.##........#... ...oo #@#.##........#.## .... #)......^.....#.# ... #..##.........#.# #######...............# #....#.#.#.#.#.####..## ####.#...........##.... #..........#.#.#.##.#.. ####.#.....#.#.#.##.#.# #......#.......÷..... Turn 3819 on D:4: !bestwep

#...........#.#.#.# .######
#########.##....#.#.#.# .......
#[.....##.........#.#.#
......$##......##.........#.#.#
>......+....................#.#
#......##.......##..........#.#
#...... #.......#§........#)#.#
#......##.......#._.......#)#.#
#.............@.#.§.......#)...
#......##.......#........##..##
######. #..#.##############....
.. ####..# #....#.#.# ... #.##
####.#.... .... #.. #.........
..... #.# ####.#.... .....< #..
#......# #.# #......#


Turn 4043 on D:4: !bestwep #............. #..... ............. #.....
#........... #..... #........... ####.# #........z.> #..... #z../..... #...(.
#.######## #..... ########## #z###########.....
.........#######@##.............. .................##..............
.........##########...........#.# ..............................#.#
...........#..................#.# ...........#.##################
...........#)###.#.. ##########.#.....#.#### .............###.#.#..# Turn 5516
on D:5: !bestwep .#......######.#.#####.# #......# .............#.###...#.#
#......# ##......######..#..#...# #......# #......#######...###.## #......#
#######......##### ######......# #........# #........... #........# #####.#...##
#.(......### #.#...## #....)...@.# ###.#..... #..........# #...#.#..#
#..........# #...#.#..# #....[.....# #...#.#..# ######.#+### #...#....# #.#.#
###.#.##.# #.#.# #.#.##.. #)#.# #.#.#### #)#.# #.#.#### Turn 5795 on D:4:
!bestwep #.##....##...>. #.########..... #.# #..... #######.### #.....
#.........# ###### #.........# # #.........# # #.........# # ##..@##.###
#...##.######## #...##.<......# #.............# #### #.............# #...
#..z..........# #... ###...........# #... #...........# #### #..........># #...
Turn 5839 on D:5: !bestwep #.########..... #.# #..... #######.### #.....
#.........# ###### #.........# # #.........# # #.........# # ##..)##.###
#..@##.######## #...##.<......# #.............# #### #.............# #...
#.............# #... ###...........# #... #...........# #### #..........># #...
###.../.....# #... Turn 5846 on D:5: !bestwep ########.......#.#
...............#.# ...............#.# ..........#.####.# ..........#.# #.##
..........#.# #..# ###########.# #..# ............# #..# ############# #@.# ..#
#.....# ..# #.###.# ..# # .# ..# .# ..# .# ..# .# ..# .# ..# Turn 6219 on D:5:
!bestwep

Levels and vault maps discovered:
D:1:      dpeg_chamrin_arrival_tetris, layout_basic,
          shapermc_ecumenical_altar_notcrosses
D:2:      layout_basic
D:3:      kennysheep_big_flooded_room, layout_loops_ring
D:4:      layout_basic, grunt_dithmenos_smoke, minmay_small_thing
D:5:      layout_basic, gammafunk_ghost_nasty_kobolds, uniq_menkaure

Skill      XL: |  1  2  3  4  5  6  7  8 |
---------------+-------------------------+-----
Maces & Flails | 3 4 5 6 7 |  7.0
Armour         | 3 4 |  4.8
Fighting       | 4 5 |  5.8
Axes           | 2 |  2.4
Shields        | |  2.4

Action                   |  1- 3 |  4- 6 |  7- 9 || total
-------------------------+-------+-------+-------++-------
Melee: Flail             |   124 |   105 |    19 ||   248
       Tailslap          |    10 |    23 |    12 ||    45
       Mace              |       |    27 |    41 ||    68
       War axe           |       |       |    12 ||    12
       Rapier            |       |       |     5 ||     5
 Abil: Rolling Charge    |    23 |    25 |    19 ||    67
  Use: Scroll            |     6 |       |     5 ||    11
Armor: Scale mail        |    57 |    39 |       ||    96
       Ring mail         |       |    19 |     5 ||    24
       Chain mail        |       |       |    15 ||    15
Dodge: Dodged            |    43 |    33 |    14 ||    90
Block: Buckler           |    22 |    31 |    17 ||    70

Table legend: (Time is in decaauts)
 A = Elapsed time spent in this place.
 B = Non-inter-level travel time spent in this place.
 C = Inter-level travel time spent in this place.
 D = Time resting spent in this place.
 E = Time spent auto-exploring this place.
 F = Levels seen in this place.
 G = Mean time per level.
                   A        B        C        D        E       F      G
               +--------+--------+--------+--------+--------+-----+--------+
         Total |   6433 |   6137 |    296 |    421 |   4556 |   5 | 1286.6 |
       Dungeon |   6433 |   6137 |    296 |    421 |   4556 |   5 | 1286.6 |
               +--------+--------+--------+--------+--------+-----+--------+

Top non-repeatable levels by time:
     D:4: 1761 daAuts
     D:1: 1554 daAuts
     D:3: 1341 daAuts
     D:5: 977 daAuts
     D:2: 798 daAuts
